 Dungeon Crawl Stone Soup version 0.30-a0-737-gf23d94013f (webtiles) character file.

Game seed: 4270679185226214061

16464 Bnni the Zephyrmancer (level 12, -4/72 HPs)
             Began as a Tengu Air Elementalist on Feb 1, 2023.
             Was a High Priest of Vehumet.
             Slain by a demonic crawler (10 damage)
             ... on level 11 of the Dungeon.
             The game lasted 00:43:34 (11712 turns).

Bnni the Zephyrmancer (Tengu Air Elementalist)     Turns: 11712, Time: 00:43:34

Health: -4/72      AC: 10    Str:  8    XL:     12   Next: 37%
Magic:  32/32      EV: 20    Int: 21    God:    Vehumet [*****.]
Gold:   774        SH:  0    Dex: 15    Spells: 5/24 levels left

rFire   . . .      SeeInvis .    h - +3 dagger (venom)
rCold   . . .      Faith    .    p - +0 buckler
rNeg    . . .      Spirit   .    l - +0 acid dragon scales
rPois   .          Reflect  .    (helmet restricted)
rElec   .          Harm     .    (no cloak)
rCorr   +          Rampage  .    L - +2 pair of gloves {hurl}
Will    .....                    (boots unavailable)
Stlth   +                        u - amulet of magic regeneration
HPRegen 0.32/turn                A - +5 ring of evasion
MPRegen 0.63/turn                Q - ring of magical power

@: confused, sluggish, ambrosia-drunk, flying quickly and evasively, very slow
A: beak, talons 3, nimble flight
a: Renounce Religion


You were on level 11 of the Dungeon.
You worshipped Vehumet.
Vehumet was extremely pleased with you.
You visited 2 branches of the dungeon, and saw 13 of its levels.

You collected 774 gold pieces.

Inventory:

Hand Weapons
 h - a +3 dagger of venom (weapon)
 q - the +0 flail "Doaxyu" {elec, rElec}
   (You found it on level 4 of the Dungeon)

   rElec:     It insulates you from electricity.
 S - the +9 whip "Jinuxoti" {heavy, rF- rC+ rN+++ Stlth+}
   (You found it on level 12 of the Dungeon)

   rF:        It makes you vulnerable to fire.
   rC:        It protects you from cold.
   rN:        It renders you almost immune to negative energy.
   Stlth:     It makes you more stealthy.
Missiles
 a - 6 curare-tipped darts
Armour
 l - +0 acid dragon scales (worn)
 m - a +0 kite shield
 p - a +0 buckler (worn)
 L - a +2 pair of gloves of hurling (worn)
Jewellery
 k - a ring of fire
 u - an amulet of magic regeneration (around neck)
 A - a +5 ring of evasion (left hand)
 E - a ring of fire
 G - a ring of ice
 M - a ring of poison resistance
 Q - a ring of magical power (right hand)
 R - a ring of ice
Wands
 B - a wand of iceblast (2)
 F - a wand of paralysis (7)
 H - a wand of polymorph (7)
 N - a wand of flame (12)
Scrolls
 f - 3 scrolls of enchant weapon
 i - 2 scrolls of fog
 j - a scroll of acquirement {unknown}
 n - a scroll of fear
 o - a scroll of amnesia
 w - 2 scrolls of teleportation
 x - 2 scrolls of enchant armour
 y - 2 scrolls of poison
 C - a scroll of summoning {unknown}
 D - a scroll of immolation {unknown}
 P - 3 scrolls of identify
 T - a scroll of vulnerability {unknown}
Potions
 b - 4 potions of magic
 c - 2 potions of might
 d - 4 potions of lignification
 e - 2 potions of mutation
 g - 5 potions of brilliance {unknown}
 s - 6 potions of ambrosia
 t - 2 potions of curing
 v - a potion of degeneration {unknown}
 z - a potion of resistance
 I - 2 potions of cancellation
 J - a potion of haste {unknown}
 K - a potion of attraction {unknown}
 O - a potion of flight {unknown}


   Skills:
 + Level 7.1 Fighting
 - Level 4.0 Armour
 + Level 5.3 Dodging
 - Level 2.0 Stealth
 + Level 6.9 Shields
 + Level 6.9 Spellcasting
 * Level 13.3 Conjurations
 * Level 13.9 Air Magic


You had 5 spell levels left.
You knew the following spells:

 Your Spells              Type           Power      Damage    Failure   Level
a - Foxfire               Conj/Fire      100%       2x1d9     1%          1
b - Searing Ray           Conj           100%       2d8       1%          2
c - Fulminant Prism       Conj/Hex       17%        3d11      3%          4
d - Airstrike             Air            30%        2d(5-21)  1%          4
f - Freezing Cloud        Conj/Ice/Air   22%        6-21      3%          5
s - Swiftness             Air            60%        N/A       1%          3

Your spell library contained the following spells:

 Spells                   Type           Power      Damage    Failure   Level
 Ozocubu's Refrigeration  Ice            3%         4d8       100%        7
 Magic Dart               Conj           100%       1d8       1%          1
 Shock                    Conj/Air       100%       1d9       1%          1
 Static Discharge         Conj/Air       100%       2-7/arc   1%          2
 Hailstorm                Conj/Ice       35%        3d9       1%          3
 Freeze                   Ice            28%        1d5       5%          1
 Frozen Ramparts          Ice            14%        1d3       16%         3
 Sting                    Tmut/Pois      28%        1d4       19%         1
 Lesser Beckoning         Tloc           14%        N/A       28%         2
 Gell's Gravitas          Tloc           7%         N/A       50%         3
 Ozocubu's Armour         Ice            7%         N/A       50%         3
 Teleport Other           Tloc           7%         N/A       50%         3
 Metabolic Englaciation   Hex/Ice        3%         N/A       99%         5
 Simulacrum               Ice/Necr       3%         N/A       100%        6


Dungeon Overview and Level Annotations

Branches:
Dungeon (12/15)            Temple (1/1) D:6            Lair (0/5) D:8
    Orc (0/2) D:11

Altars:
Ashenzari
Cheibriados
Dithmenos
Elyvilon
Fedhas
Gozag
Hepliaklqana
Kikubaaqudgha
Makhleb
Nemelex Xobeh
Okawaru
Qazlal
Ru
Sif Muna
Trog
Uskayaw
Vehumet
Wu Jian
Xom
Yredelemnul
Zin
The Shining One

Shops:
D:7 *   D:11 [


Innate Abilities, Weirdness & Mutations

You have a beak for a mouth.
You have claws for feet.
Your magical nature lets you fly swiftly and evasively.


Message History

Press: ? - help, Shift-Dir - straight line, f - demonic crawler
Aim: a demonic crawler (79% to hit)
Okay, then.
Press: ? - help, v - describe, . - travel
Here: a demonic crawler A stone staircase leading down.
Okay, then.
Aiming: Paralyse
Press: ? - help, Shift-Dir - straight line, f - demonic crawler
Aim: a demonic crawler (chance to affect: 17%)
Okay, then.
Aiming: Polymorph
Press: ? - help, Shift-Dir - straight line, f - demonic crawler
Aim: a demonic crawler (will become an apocalypse crab, a shadow demon, or a rakshasa, chance to affect: 17%)
Okay, then.
Unknown command.
Okay, then.
Casting: Swiftness (safe; 1% risk of failure)
Confirm with . or Enter, or press ? or * to list all spells.
Aiming: Fulminant Prism (dangerous; 3% risk of failure)
Press: ? - help, Dir - move target You conjure a prism of explosive energy!
A fulminant prism comes into view.
The demonic crawler hits you!
* * * LOW HITPOINT WARNING * * *
The demonic crawler hits you.
* * * LOW HITPOINT WARNING * * *
You block the demonic crawler's attack.
You are confused.
You feel invigorated.
You start to feel a little faster.
The demonic crawler hits you!
* * * LOW HITPOINT WARNING * * *
The demonic crawler completely misses you.
The demonic crawler hits you.
* * * LOW HITPOINT WARNING * * *
Your fulminant prism crackles loudly.
Okay, then.
The demonic crawler hits you!
You die...

###########).# #.)#
#............######))##
#...........))...))....
#.##########...).)..... #.#
#..######### ######.# #..#
####......##########..#########
#....####....[......[))).......
##'#### ##.##..@................
#...# #..[..s...........######
#.8.# #.8.#.............# #...##
##...#.*...........######
##.#'###'####...................
#.##..)## ####################
#.##.>)# #.##)).## ##.#)###'####


You could see a demonic crawler (ally target) and a friendly fulminant prism.

Vanquished Creatures
  Fannar (D:12)
  2 two-headed ogres
  4 skeletal warriors (D:11)
  The ghost of anet the Covert, a novice GnBr of Sif Muna (D:10)
  4 lindwurms (D:11)
  2 manticores (D:11)
  A cyclops (D:11)
  A gargoyle (D:11)
  4 trolls
  A queen bee (D:10)
  A slime creature (D:12)
  A wraith (D:9)
  14 yaks
  A wyvern (D:10)
  4 acid dragons
  A sky beast (D:8)
  5 ice beasts
  2 orc warriors
  2 black bears
  A centaur (D:12)
  2 phantoms
  4 kobold brigands
  A scorpion (D:5)
  2 bullfrogs
  3 necrophages
  10 wights (D:9)
  33 killer bees
  2 hounds (D:5)
  2 jellies
  9 orc priests
  5 iguanas
  13 orc wizards
  A centaur simulacrum (D:7)
  2 killer bee simulacra (D:7)
  3 gnolls (D:6)
  6 adders
  5 white imps
  An ufetubus (D:6)
  2 worms
  2 dart slugs
  59 orcs
  6 endoplasms
  A giant cockroach (D:4)
  8 goblins
  2 hobgoblins
  6 jackals (D:1)
  31 kobolds
  2 quokkas
  5 ball pythons
  A bat (D:1)
  3 frilled lizards
  9 rats
294 creatures vanquished.

Vanquished Creatures (others)
  144 foxfires
  29 fulminant prisms
  2 fungi (D:2)
  A plant (D:2)
176 creatures vanquished.

Grand Total: 470 creatures vanquished

Notes
Turn   | Place    | Note
-------+----------+-------------------------------------------
     0 | D:1      | Bnni the Tengu Air Elementalist began the quest for the
                  | Orb.
     0 | D:1      | Reached XP level 1. HP: 10/10 MP: 4/4
   164 | D:1      | Reached XP level 2. HP: 7/15 MP: 1/6
   279 | D:1      | You fall into a shaft and drop 1 floor!
   295 | D:2      | Reached XP level 3. HP: 20/20 MP: 3/7
   429 | D:2      | Found a faded altar of an unknown god.
   445 | D:2      | Got Plato's Catalogue of Venom
   577 | D:2      | Reached skill level 1 in Fighting
   816 | D:2      | Found a white marble altar of Elyvilon.
  1272 | D:2      | Learned a level 2 spell: Searing Ray
  1428 | D:3      | Reached XP level 4. HP: 25/25 MP: 3/8
  1537 | D:3      | Reached skill level 5 in Air Magic
  2252 | D:4      | Noticed a phantom
  2281 | D:4      | Killed a phantom
  2282 | D:4      | Gained mutation: Your magical nature lets you fly swiftly
                  | and evasively. [Tengu growth]
  2282 | D:4      | Reached XP level 5. HP: 17/29 MP: 0/9
  2446 | D:4      | Identified the +0 flail "Doaxyu" {elec, rElec}
  2547 | D:4      | Learned a level 4 spell: Airstrike
  2762 | D:4      | Reached skill level 1 in Shields
  2764 | D:4      | Reached XP level 6. HP: 35/35 MP: 4/11
  3074 | D:4      | Learned a level 3 spell: Swiftness
  3078 | D:5      | Entered Level 5 of the Dungeon
  3255 | D:5      | Reached skill level 5 in Conjurations
  3260 | D:5      | Reached XP level 7. HP: 35/40 MP: 1/12
  3539 | D:5      | Found a broken altar of Ashenzari.
  4270 | D:6      | Found a staircase to the Ecumenical Temple.
  4279 | Temple   | Entered the Ecumenical Temple
  4284 | Temple   | Became a worshipper of Vehumet
  4483 | D:6      | Noticed a two-headed ogre
  4513 | D:6      | Killed a two-headed ogre
  4514 | D:6      | Reached XP level 8. HP: 45/46 MP: 2/15
  5116 | D:6      | Reached XP level 9. HP: 52/52 MP: 9/16
  5674 | D:7      | Found a runed translucent gate.
  5675 | D:7      | Found a runed translucent gate.
  5675 | D:7      | Found a runed translucent gate.
  5965 | D:7      | Found a glowing golden altar of the Shining One.
  5989 | D:7      | Noticed anet's ghost (novice GnBr)
  6238 | D:7      | Found Deefoa's General Store.
  6500 | D:7      | Reached * piety under Vehumet
  6500 | D:7      | Offered knowledge of Foxfire by Vehumet.
  6598 | D:7      | Learned a level 1 spell: Foxfire
  6618 | D:7      | Reached skill level 1 in Armour
  6928 | D:8      | Found a staircase to the Lair.
  6942 | D:8      | Reached skill level 10 in Air Magic
  7014 | D:8      | Reached skill level 5 in Spellcasting
  7070 | D:8      | Found a shimmering altar of Xom.
  7071 | D:8      | Found a hazy altar of Hepliaklqana.
  7072 | D:8      | Noticed a spectral ugly thing
  7108 | D:8      | Offered knowledge of Momentum Strike by Vehumet.
  7124 | D:8      | Noticed a troll
  7129 | D:8      | Killed a troll
  7130 | D:8      | Reached XP level 10. HP: 58/58 MP: 10/18
  7256 | D:8      | Reached skill level 5 in Fighting
  7367 | D:8      | Identified the +2 robe of the Hart {*Slow rPois rN++ Will+}
  7522 | D:8      | Reached ** piety under Vehumet
  7523 | D:8      | Reached skill level 10 in Conjurations
  7721 | D:9      | Reached skill level 5 in Shields
  7962 | D:9      | Offered knowledge of Ignite Poison by Vehumet.
  8214 | D:9      | Reached *** piety under Vehumet
  8326 | D:9      | Learned a level 4 spell: Fulminant Prism
  8327 | D:10     | Entered Level 10 of the Dungeon
  8738 | D:10     | Found a stormy altar of Qazlal.
  8824 | D:10     | Reached XP level 11. HP: 64/64 MP: 11/20
  9030 | D:10     | Offered knowledge of Olgreb's Toxic Radiance by Vehumet.
  9077 | D:10     | Reached **** piety under Vehumet
  9201 | D:10     | Killed anet's ghost
  9383 | D:11     | Noticed a manticore
  9384 | D:11     | Offered knowledge of Freezing Cloud by Vehumet.
  9390 | D:11     | Killed a manticore
  9398 | D:11     | HP: 2/64 [barbs]
  9597 | D:11     | Found Cixokitu's Armour Shop.
  9660 | D:11     | Noticed a lindwurm
  9693 | D:11     | Noticed a lindwurm
  9846 | D:11     | Noticed a lindwurm
  9851 | D:11     | Noticed a lindwurm
 10017 | D:11     | Killed a lindwurm
 10060 | D:11     | Killed a lindwurm
 10063 | D:11     | Killed a lindwurm
 10110 | D:11     | Killed a lindwurm
 10366 | D:11     | Noticed a skeletal warrior
 10368 | D:11     | Noticed a skeletal warrior
 10368 | D:11     | Noticed a skeletal warrior
 10422 | D:11     | Killed a skeletal warrior
 10428 | D:11     | Killed a skeletal warrior
 10441 | D:11     | Noticed a two-headed ogre
 10457 | D:11     | Killed a two-headed ogre
 10458 | D:11     | Reached XP level 12. HP: 71/71 MP: 5/22
 10638 | D:11     | Reached skill level 5 in Dodging
 10646 | D:11     | Learned a level 5 spell: Freezing Cloud
 11062 | D:11     | Found a staircase to the Orcish Mines.
 11085 | D:11     | Reached ***** piety under Vehumet
 11217 | D:12     | Offered knowledge of Ozocubu's Refrigeration by Vehumet.
 11298 | D:12     | Noticed Fannar
 11355 | D:12     | Killed Fannar
 11474 | D:12     | Identified the +9 whip "Jinuxoti" {heavy, rF- rC+ rN+++
                  | Stlth+}
 11711 | D:11     | HP: 3/72 [demonic crawler (12)]
 11712 | D:11     | Slain by a demonic crawler

Illustrated notes

Levels and vault maps discovered:
D:1:      ebering_trefoil_twist, layout_loops_ring
D:2:      layout_basic, shapermc_ecumenical_altar_rom_forum, basic_altar,
          nicolae_figureground_pulse
D:3:      layout_loops_corners, serial_park_tiny_1,
          chequers_serial_rivers_small_b, nicolae_elevator_lobby_asterisk
D:4:      layout_basic, grunt_ministairs_3
D:5:      layout_basic, general_overflow_altar, serial_bayou_pond_e
D:6:      layout_loops_corners, minmay_temple_entry_drinking_statues
D:7:      layout_basic, overflow_temple_1_default, gammafunk_ghost_icy,
          serial_shops, shop
D:8:      layout_loops_cross, regret_index_temple_of_mockery, lair_entry_dummy
D:9:      layout_basic
D:10:     layout_long_grid, mainiacjoe_overflow_brackets, special_room
          [special_room_bee]
D:11:     layout_long_grid, hiddenorc2_lemuel, serial_shops,
          nicolae_lakefront_shop, minmay_lindwurm_lava
D:12:     cheibrodos_hippocracy, layout_loops_ring, serial_bayou_crossing,
          uniq_fannar
Temple:   sentei_temple_godly_chess

Skill      XL: |  1  2  3  4  5  6  7  8  9 10 11 12 |
---------------+-------------------------------------+-----
Conjurations   | 2 3 4 5 7 9 11 12 13 | 13.3
Fighting       | 1 2 3 4 5 6 7 |  7.1
Air Magic      | 5 6 8 10 11 13 | 13.9
Shields        | 1 3 4 5 6 |  6.9
Spellcasting   | 3 4 5 6 |  6.9
Armour         | 2 4 |  4.0
Dodging        | 3 4 5 |  5.3
Stealth        | |  2.0

Action                     |  1- 3 |  4- 6 |  7- 9 | 10-12 || total
---------------------------+-------+-------+-------+-------++-------
  Melee: Short sword       |    19 |       |       |       ||    19
         Peck              |     5 |     4 |     4 |    19 ||    32
         Kick              |     5 |     2 |     6 |    17 ||    30
         Dagger            |    19 |    14 |    23 |    61 ||   117
  Throw: Dart              |       |       |       |     2 ||     2
         Throwing net      |       |       |       |     2 ||     2
   Cast: Shock             |    40 |    41 |    71 |       ||   152
         Searing Ray       |     1 |     9 |    30 |    25 ||    65
         Airstrike         |       |       |     5 |   120 ||   125
         Foxfire           |       |       |    35 |    55 ||    90
         Fulminant Prism   |       |       |       |    30 ||    30
         Swiftness         |       |       |       |     4 ||     4
         Freezing Cloud    |       |       |       |    14 ||    14
    Use: Scroll            |       |       |     6 |     9 ||    15
         Potion            |       |       |       |     5 ||     5
   Stab: Sleeping          |     3 |     1 |       |       ||     4
 Armour: Robe              |     5 |     1 |     4 |       ||    10
         Troll leather arm |       |       |     3 |    17 ||    20
         Acid dragon scale |       |       |       |    19 ||    19
  Dodge: Dodged            |    23 |    14 |    72 |   175 ||   284
  Block: Buckler           |       |     4 |    16 |    57 ||    77

Table legend: (Time is in decaauts)
 A = Elapsed time spent in this place.
 B = Non-inter-level travel time spent in this place.
 C = Inter-level travel time spent in this place.
 D = Time resting spent in this place.
 E = Time spent auto-exploring this place.
 F = Levels seen in this place.
 G = Mean time per level.
                   A        B        C        D        E       F      G
               +--------+--------+--------+--------+--------+-----+--------+
         Total |  11128 |  10894 |    234 |   1068 |   7679 |  13 |  856.0 |
       Dungeon |  11118 |  10888 |    230 |   1068 |   7679 |  12 |  926.5 |
        Temple |     10 |      7 |      3 |      0 |      0 |   1 |   10.0 |
               +--------+--------+--------+--------+--------+-----+--------+

Top non-repeatable levels by time:
    D:11: 1502 daAuts
     D:6: 1438 daAuts
    D:10: 1132 daAuts
     D:2: 993 daAuts
     D:7: 972 daAuts
     D:3: 945 daAuts
     D:4: 907 daAuts
     D:8: 890 daAuts
     D:5: 867 daAuts
     D:9: 667 daAuts
    D:12: 523 daAuts
     D:1: 278 daAuts
  Temple: 10 daAuts
